 Dungeon Crawl Stone Soup version 0.17-a0-1923-gc35365e (webtiles) character file.

9918 Kuldar the Thaumaturge (level 11, 0/100 HPs)
             Began as a Deep Elf Wizard on Sept 28, 2015.
             Was a Priest of Vehumet.
             Succumbed to poison (a potion of poison)
             ... on level 1 of the Lair of Beasts.
             The game lasted 01:51:57 (12747 turns).

Kuldar the Thaumaturge (Deep Elf Wizard)           Turns: 12747, Time: 01:51:58

Health: 0/100      AC: 25    Str:  4    XL:     11   Next: 29%
Magic:  23/29      EV:  2    Int: 32    God:    Vehumet [***...]
Gold:   382        SH:  0    Dex: 19    Spells: 7 memorised, 20 levels left

rFire  . . .     SeeInvis .     U - staff of conjuration
rCold  + . .     Clarity  .     (armour currently unavailable)
rNeg   + + +     SustAt   .     (no shield)
rPois  +         Gourm    .     (helmet currently unavailable)
rElec  .         Spirit   .     (cloak currently unavailable)
rCorr  .         Warding  .     (gloves currently unavailable)
rMut   .         NoTele   +     (boots currently unavailable)
MR     ++...                    (no amulet)
Stlth  ++++......               q - ring "Palah" {rC+ MR+ Dex+6}
                                A - ring of stealth

@: brilliant, lethally poisoned (0 -> -13), tree-form, very resistant to hostile
enchantments, stealthy
A: no device heal 1
a: Renounce Religion


You were on level 1 of the Lair of Beasts.
You worshipped Vehumet.
Vehumet was most pleased with you.
You were not hungry.
You were a tree.
You visited 3 branches of the dungeon, and saw 13 of its levels.
You also visited: Sewer.

You collected 642 gold pieces.
You spent 260 gold pieces at shops.

Inventory:

Hand weapons
 g - a +6 whip
 j - a +2 dagger of draining
 s - a +0 vampiric dagger
 t - a +3 quarterstaff of chaos
Missiles
 D - 28 poisoned needles
 M - 7 curare-tipped needles
Armour
 u - a +2 cloak (melded)
 v - a +0 pair of boots (melded)
 w - a +1 helmet (melded)
 H - a +1 robe of resistance (melded)
 Q - a +1 scale mail of poison resistance
Magical staves
 k - an uncursed staff of energy
 U - an uncursed staff of conjuration (weapon)
Jewellery
 q - the ring "Palah" (right branch) {rC+ MR+ Dex+6}
   (You found it on level 8 of the Dungeon)

   [ring of protection from magic]

   It affects your dexterity (+6).
   It protects you from cold.
   It affects your resistance to hostile enchantments.
 A - a ring of stealth (left branch)
 G - an uncursed ring of teleportation
Magical devices
 a - a wand of digging (19)
 h - a wand of fire (0)
 l - a wand of enslavement (0)
 p - a wand of disintegration (13)
 y - a wand of lightning (0)
 J - a wand of flame (0)
 O - a wand of disintegration (0)
 S - a wand of fire (0)
Scrolls
 b - a scroll of summoning {unknown}
 e - 3 scrolls of teleportation
 f - 9 scrolls of identify {unknown}
 n - 2 scrolls of immolation
 x - a scroll of blinking
 I - 2 scrolls of fog
 R - a scroll of enchant armour
 V - 4 scrolls of remove curse
 Y - a scroll of magic mapping
Potions
 i - 3 potions of invisibility
 r - 2 potions of haste
 F - 2 potions of poison
 N - a potion of cancellation
 T - a potion of resistance
Books
 c - a book of Minor Magic

   Spells                             Type                      Level
   a - Magic Dart                     Conjuration                  1
   b - Blink                          Translocation                2
   c - Call Imp                       Summoning                    2
   d - Repel Missiles                 Charms/Air                   2
   e - Slow                           Hexes                        2
   f - Conjure Flame                  Conjuration/Fire             3
   g - Mephitic Cloud                 Conjuration/Poison/Air       3
Miscellaneous
 P - a plain deck of changes
Comestibles
 d - 11 bread rations
 m - 3 meat rations
 o - 10 slices of pizza
 z - 2 royal jellies
 E - a beef jerky


   Skills:
 * Level 7.1 Fighting
 - Level 2.4 Dodging
 - Level 2.4 Stealth
 - Level 12.1 Spellcasting
 - Level 10.7 Conjurations
 - Level 3.0 Summonings
 - Level 3.0 Translocations
 - Level 4.1 Fire Magic
 - Level 4.4 Air Magic
 - Level 4.1 Poison Magic


You had 20 spell levels left.
You knew the following spells:

 Your Spells              Type           Power        Failure   Level  Hunger
a - Magic Dart            Conj           ####         1%          1    None
b - Blink                 Tloc           N/A          1%          2    None
c - Call Imp              Summ           ######..     1%          2    None
d - Repel Missiles        Chrm/Air       ######       1%          2    None
e - Conjure Flame         Conj/Fire      #######.     1%          3    None
f - Shock                 Conj/Air       ####         1%          1    None
g - Mephitic Cloud        Conj/Pois/Air  #######.     1%          3    None


Dungeon Overview and Level Annotations

Branches:
Dungeon (11/15)            Temple (1/1) D:7            Lair (1/8) D:11
    Orc (0/4) D:10

Altars:
Ashenzari
Cheibriados
Dithmenos
Elyvilon
Fedhas
Gozag
Kikubaaqudgha
Makhleb
Nemelex Xobeh
Okawaru
Qazlal
Ru
Sif Muna
Trog
Vehumet
Xom
Yredelemnul
Zin
The Shining One

Shops:
D:7 *[(

Portals:
Trove: D:11 (give 2 scrolls of acquirement)

Annotations:
D:9 exclusion: ice statue
D:11 4 runed doors, exclusion: 4 doors


Innate Abilities, Weirdness & Mutations

Potions and wands are less effective at restoring your health.


Message History

Read which item? (? for menu, Esc to quit)
Okay, then.
Drink which item? (? for menu, Esc to quit)
Okay, then.
Read which item? (? for menu, Esc to quit)
Okay, then.
Read which item? (? for menu, Esc to quit)
As you read the scroll of immolation, it crumbles to dust.
The creatures around you are filled with an inner flame!
* * * LOW HITPOINT WARNING * * *
You feel sick.
The soldier ant stings you but does no damage.
Read which item? (? for menu, Esc to quit)
You cannot teleport because you are held in place by your roots.
Read which item? (? for menu, Esc to quit)
As you read the scroll labeled NARUNU RYARIGH, it crumbles to dust.
It is a scroll of recharging.
Charge which item? (? for menu, Esc to quit)
Your wand of disintegration {empty} glows for a moment.
You die...

### #####
#.#####§#.#############.
.....§§a§§.....a♣.......
...###§§#..............>
.<.#....+..####P####....
...#.......# ### ...
...#....#..## .
...#........#
...######..a♣# ##
......# ♣#P♣.## )$#
####..# ..♣..a##a§[#


You could see a soldier ant (inner flame).

Vanquished Creatures
  A queen ant (Lair:1)
  A hill giant (D:10)
  A cyclops (D:8)
  The ghost of Burgietje the Grappler, an experienced TrMo of Cheibriados (D:5)
  2 centaur skeletons
  Prince Ribbit (D:9)
  A two-headed ogre (D:9)
  A trapdoor spider (D:11)
  A deep elf mage (D:9)
  2 basilisks (D:11)
  Eustachio (D:5)
  A hippogriff (Lair:1)
  A human (D:8)
  A hungry ghost (D:7)
  Edmund (D:5)
  2 porcupines (Lair:1)
  Duvessa (D:7)
  2 soldier ants (Lair:1)
  6 orc warriors
  A black bear (D:7)
  4 ice beasts
  6 ogres
  An eye of draining (D:10)
  2 necrophages
  3 sky beasts
  2 centaurs
  8 giant frogs
  4 wights (D:10)
  Dowan (D:7)
  6 killer bees
  3 scorpions
  A jelly (D:8)
  A quasit (D:10)
  A centaur zombie (D:5)
  6 crimson imps
  A giant frog zombie (D:6)
  2 orc priests
  2 hounds
  Crazy Yiuf (D:3)
  2 giant frog skeletons
  11 orc wizards
  2 iguanas
  12 worker ants
  2 killer bee zombies
  4 hound skeletons
  3 worker ant zombies
  Robin (D:3)
  11 adders
  3 gnolls (D:4)
  13 river rats (Lair:1)
  A shadow imp (D:7)
  2 oozes
  An adder zombie (D:9)
  2 adder skeletons
  4 worms
  15 giant geckos
  38 orcs
  15 goblins
  6 hobgoblins
  12 jackals
  6 quokkas
  2 ball pythons
  7 bats
  12 giant cockroaches
  16 giant newts
  A jackal zombie (D:7)
  8 kobolds
  A quokka skeleton (D:8)
  2 quokka zombies (D:5)
  7 rats
306 creatures vanquished.

Vanquished Creatures (collateral kills)
  The ghost of Banto the Zephyrmancer, an experienced FeAE of Fedhas (D:11)
  A soldier ant (Lair:1)
  A necrophage (D:11)
  A killer bee (D:10)
  A quasit (D:8)
5 creatures vanquished.

Vanquished Creatures (others)
  An orc warrior (D:6)
  A quokka (D:6)
  A fungus (Lair:1)
3 creatures vanquished.

Grand Total: 314 creatures vanquished

Notes
Turn   | Place    | Note
--------------------------------------------------------------
     0 | D:1      | Kuldar the Deep Elf Wizard began the quest for the Orb.
     0 | D:1      | Reached XP level 1. HP: 10/10 MP: 7/7
   375 | D:1      | Reached XP level 2. HP: 15/15 MP: 6/9
   380 | D:1      | Learned a level 2 spell: Call Imp
   383 | D:1      | Learned a level 2 spell: Blink
   386 | D:1      | Learned a level 2 spell: Repel Missiles
   568 | D:2      | Reached skill level 5 in Spellcasting
   715 | D:2      | Reached XP level 3. HP: 16/19 MP: 4/11
   720 | D:2      | Learned a level 3 spell: Conjure Flame
  1486 | D:3      | Noticed Robin
  1573 | D:3      | Killed Robin
  1665 | D:3      | Reached XP level 4. HP: 24/24 MP: 7/13
  1734 | D:3      | Noticed Crazy Yiuf
  1740 | D:3      | Learned a level 3 spell: Mephitic Cloud
  2108 | D:3      | Reached skill level 6 in Spellcasting
  2153 | D:3      | Killed Crazy Yiuf
  2329 | D:4      | Reached XP level 5. HP: 28/28 MP: 4/15
  2594 | D:4      | Reached skill level 5 in Conjurations
  2712 | D:4      | Reached XP level 6. HP: 32/32 MP: 6/17
  2949 | D:4      | Noticed an ogre
  2955 | D:4      | Killed an ogre
  3153 | D:5      | Entered Level 5 of the Dungeon
  3281 | D:5      | Noticed Burgietje's ghost (experienced TrMo)
  3337 | D:5      | Found a glowing golden altar of the Shining One.
  3356 | D:5      | Killed Burgietje's ghost
  3356 | D:5      | Reached skill level 8 in Conjurations
  3356 | D:5      | Reached XP level 7. HP: 33/36 MP: 0/18
  3595 | D:5      | Reached skill level 9 in Conjurations
  3762 | D:5      | Noticed Eustachio
  3795 | D:5      | Reached XP level 8. HP: 41/41 MP: 7/19
  4015 | D:5      | Noticed Edmund
  4296 | D:5      | Killed Edmund
  4296 | D:5      | Reached skill level 10 in Conjurations
  4552 | D:5      | Killed Eustachio
  4730 | D:6      | Found a glowing drain.
  4745 | Sewer    | Entered a sewer
  4844 | Sewer    | Reached skill level 1 in Fire Magic
  4914 | Sewer    | Reached skill level 1 in Poison Magic
  5011 | Sewer    | Reached skill level 1 in Air Magic
  5803 | D:6      | Found a shadowy altar of Dithmenos.
  5985 | D:6      | Reached XP level 9. HP: 45/45 MP: 12/20
  6363 | D:7      | Found a staircase to the Ecumenical Temple.
  6374 | Temple   | Entered the Ecumenical Temple
  6680 | D:7      | Found Kiugeoph's Weapon Emporium.
  6751 | D:7      | Found Coihyog's Armour Boutique.
  6979 | D:7      | Found a glowing silver altar of Zin.
  6980 | D:7      | Found a sparkling altar of Nemelex Xobeh.
  6981 | D:7      | Found a white marble altar of Elyvilon.
  6987 | D:7      | Found a shimmering altar of Xom.
  7062 | D:7      | Found Wakual's Assorted Antiques.
  7071 | D:7      | Bought a scroll labeled MUUSYV COF for 19 gold pieces
  7071 | D:7      | Bought a dark potion for 17 gold pieces
  7071 | D:7      | Bought 2 glowing pink potions for 34 gold pieces
  7071 | D:7      | Bought a wand of disintegration for 76 gold pieces
  7071 | D:7      | Bought a scroll labeled ARRAYL GEMA for 19 gold pieces
  7071 | D:7      | Bought a glowing scale mail for 76 gold pieces
  7071 | D:7      | Bought a scroll labeled MANKIPNETAT for 19 gold pieces
  7200 | D:7      | Noticed Duvessa
  7200 | D:7      | Noticed Dowan
  7208 | D:7      | Killed Dowan
  7214 | D:7      | Killed Duvessa
  7287 | D:8      | Noticed a cyclops
  7415 | D:8      | Got a scorched platinum ring
  7416 | D:8      | Identified the ring "Palah" {rC+ MR+ Dex+6} (You found it on level 8 of the Dungeon)
  7624 | D:8      | Found a radiant altar of Vehumet.
  7627 | D:8      | Became a worshipper of Vehumet
  8518 | D:8      | Killed a cyclops
  8518 | D:8      | Reached XP level 10. HP: 50/50 MP: 3/25
  8769 | D:9      | Acquired Vehumet's first power
  8769 | D:9      | Offered knowledge of Shock by Vehumet.
  8769 | D:9      | Reached skill level 10 in Spellcasting
  8770 | D:9      | Noticed Prince Ribbit
  8778 | D:9      | Killed Prince Ribbit
  8781 | D:9      | Learned a level 1 spell: Shock
  9126 | D:9      | Reached skill level 11 in Spellcasting
  9255 | D:9      | Noticed an ice statue
  9723 | D:10     | Entered Level 10 of the Dungeon
  9978 | D:10     | Reached skill level 12 in Spellcasting
 10080 | D:10     | Reached skill level 1 in Fighting
 10085 | D:10     | Noticed a hill giant
 10093 | D:10     | a hill giant (ally) was killed
 10343 | D:10     | Offered knowledge of Freeze by Vehumet.
 10493 | D:10     | Found a staircase to the Orcish Mines.
 10560 | D:11     | Noticed Banto's ghost (experienced FeAE)
 10570 | D:11     | Found a portal to a secret trove of treasure.
 10845 | D:11     | Found a staircase to the Lair.
 11147 | D:11     | Found a huge runed gate.
 11147 | D:11     | Found a huge runed gate.
 11147 | D:11     | Found a huge runed gate.
 11147 | D:11     | Found a huge runed gate.
 11147 | D:11     | Noticed a griffon
 11192 | D:11     | Reached skill level 5 in Fighting
 11229 | D:11     | Killed Banto's ghost
 11230 | D:11     | Gained mutation: Potions and wands are less effective at restoring your health. [mutagenic meat]
 11447 | D:10     | Reached XP level 11. HP: 64/64 MP: 19/29
 12386 | Lair:1   | Entered Level 1 of the Lair of Beasts
 12473 | Lair:1   | Offered knowledge of Throw Flame by Vehumet.
 12644 | Lair:1   | Noticed a queen ant
 12657 | Lair:1   | Acquired Vehumet's second power
 12734 | Lair:1   | Killed a queen ant
 12745 | Lair:1   | HP: 2/100 [soldier ant (8)]
 12747 | Lair:1   | Succumbed to poison (a potion of poison)

Vault maps used:
D:1:      lemuel_arrival_funnel, minivault_4, minivault_24,
          minmay_tree_intersection
D:2:      feat_on_display
D:3:      first_bread, uniq_robin, uniq_crazy_yiuf_cottage
D:4:      serial_glass, glass_columns_c, glass_columns_a, glass_columns_a,
          glass_columns_b, feat_on_display, minmay_strange_pillars,
          minmay_strange_pillars
D:5:      kennysheep_little_box, kennysheep_generic_room_8, uniq_edmund,
          uniq_eustachio
D:6:      portal_sewer_entry_f, nicolae_dithmenos_through_a_glass_darkly
D:7:      minitemple, minmay_temple_entry_water_ring, serial_shops, shop,
          nicolae_shop_behind_doors,
          nicolae_shop_temple_entry_statues_fountains,
          minmay_misc_feat_nine_boxes, uniq_duvessa
D:8:      kennysheep_mini_moat, grunt_pizzeria
D:9:      minivault_16, uniq_prince_ribbit1
D:10:     orc_0_dummy
D:11:     lemuel_bear_cage, nicolae_trove_entry_diagonal
Temple:   oiseaux_autumnal_temple_12
Lair:1:   wad_woods_antlair
Sewer:    sewer_frog_island_01

Action                   |  1- 3 |  4- 6 |  7- 9 | 10-12 || total
-------------------------+-------+-------+-------+-------++-------
Melee: Whip              |     6 |       |       |       ||     6
       Quarterstaff      |       |       |     9 |       ||     9
       Staff             |       |       |     3 |     4 ||     7
Throw: Tomahawk          |       |       |       |     3 ||     3
 Cast: Magic Dart        |   106 |   120 |   320 |   378 ||   924
       Conjure Flame     |       |    14 |    48 |    34 ||    96
       Mephitic Cloud    |       |     5 |    33 |    36 ||    74
       Blink             |       |       |     7 |     9 ||    16
       Call Imp          |       |       |    13 |    26 ||    39
       Repel Missiles    |       |       |     2 |       ||     2
       Shock             |       |       |       |    63 ||    63
Evoke: Wand              |       |       |    17 |    10 ||    27
  Use: Scroll            |       |       |    13 |     6 ||    19
       Potion            |       |       |     1 |    10 ||    11
 Stab: Sleeping          |     1 |       |       |       ||     1
  Eat: Chunk             |     1 |     6 |    16 |    14 ||    37
